 Dungeon Crawl Stone Soup version 0.31-a0-879-g1609e0ac53 (webtiles) character file.

Game seed: 13708983173995534331

1230 Spaninq the Thaumaturge (level 8, 0/46 HPs)
             Began as a Deep Elf Summoner on Oct 14, 2023.
             Was a Follower of Sif Muna.
             Killed by divine providence
             ... invoked by an orc priest
              (12 damage)
             ... on level 6 of the Dungeon.
             The game lasted 00:35:47 (6458 turns).

Spaninq the Thaumaturge (Deep Elf Summoner)         Turns: 6458, Time: 00:35:48

Health: 0/46       AC: 13    Str:  5    XL:     8   Next: 24%
Magic:  27/31      EV:  9    Int: 23    God:    Sif Muna [*.....]
Gold:   257        SH:  0    Dex: 15    Spells: 17/23 levels left

rFire   . . .        g - staff of cold
rCold   + + .        (no shield)
rNeg    . . .        i - +4 ring mail of Hoeleic {Stlth+}
rPois   .            (no helmet)
rElec   .            h - +1 cloak
rCorr   .            m - +1 pair of gloves
SInv    .            (no boots)
Will    .....        (no amulet)
Stlth   ++           l - ring of protection from cold
HPRegen 0.27/turn    n - ring of magical power
MPRegen 0.22/turn

%: no passive effects
@: invisible
A: no striking features
a: Renounce Religion, Channel Magic


You were on level 6 of the Dungeon.
You worshipped Sif Muna.
Sif Muna was aware of your devotion.
You visited 2 branches of the dungeon, and saw 7 of its levels.

You collected 257 gold pieces.

Inventory:

Hand Weapons
 j - a +3 short sword
Armour
 f - a +1 kite shield of reflection
 h - a +1 cloak (worn)
 i - the +4 ring mail of Hoeleic (worn) {Stlth+}
   (You found it on level 2 of the Dungeon)

   Stlth+:    It makes you more stealthy.
 m - a +1 pair of gloves (worn)
Magical Staves
 g - a staff of cold (weapon)
Jewellery
 l - a ring of protection from cold (left hand)
 n - a ring of magical power (right hand)
Wands
 r - a wand of paralysis (9)
 x - a wand of digging (2)
Scrolls
 p - 2 scrolls of enchant weapon
 t - a scroll of blinking
 v - a scroll of identify
 w - a scroll of fog {unknown}
Potions
 a - 2 potions of might
 b - 2 potions of magic
 c - 2 potions of invisibility
 d - 2 potions of mutation {unknown}
 e - 2 potions of enlightenment {unknown}
 k - 2 potions of curing {unknown}
 o - 2 potions of haste {unknown}
 q - a potion of heal wounds {unknown}
 s - a potion of brilliance {unknown}
 u - a potion of cancellation {unknown}


   Skills:
 + Level 3.0 Fighting
 + Level 2.8 Armour
 - Level 2.4 Dodging
 - Level 2.4 Stealth
 - Level 0.4 Shields
 * Level 8.2 Spellcasting
 * Level 7.7 Summonings


You had 17 spell levels left.
You knew the following spells:

 Your Spells              Type           Power      Damage    Failure   Level
a - Summon Small Mammal   Summ           100%       N/A       1%          1
b - Call Imp              Summ           90%        N/A       1%          2
c - Call Canine Familiar  Summ           45%        N/A       3%          3

Your spell library contained the following spells:

 Spells                   Type           Power      Damage    Failure   Level
 Summon Guardian Golem    Hex/Summ       27%        N/A       19%         3
 Necrotise                Necr           36%        1d5       30%         1
 Lesser Beckoning         Tloc           18%        N/A       41%         2
 Summon Lightning Spire   Summ/Air       27%        N/A       52%         4
 Gell's Gravitas          Tloc           9%         N/A       65%         3
 Teleport Other           Tloc           9%         N/A       65%         3
 Summon Forest            Summ/Tloc      13%        N/A       86%         5
 Summon Mana Viper        Hex/Summ       27%        N/A       86%         5
 Summon Cactus Giant      Summ           22%        N/A       88%         6


Dungeon Overview and Level Annotations

Branches:
Dungeon (6/15)             Temple (1/1) D:4

Altars:
Ashenzari
Cheibriados
Dithmenos
Fedhas
Gozag
Hepliaklqana
Kikubaaqudgha
Nemelex Xobeh
Okawaru
Qazlal
Ru
Sif Muna
Trog
Uskayaw
Vehumet
Wu Jian
Xom
Yredelemnul
The Shining One

Shops:
D:2 [   D:4 :


Message History

The orc hits your bat with a +0 short sword.
Your bat dies!
Your bat's corpse disappears in a puff of smoke!
Your cerulean imp hits the orc from afar with a +0 spear.
The orc priest calls down the wrath of Beogh upon you.
Beogh smites you!
You swap places.
Your wolf closely misses the orc.
The orc misses your wolf.
Your cerulean imp hits the orc from afar with a +0 spear.
What are your orders? t - Shout!
Orders for allies: a - Attack new target. r - Retreat! s - Stop attacking. g - Guard the area. f - Follow me.
Anything else - Cancel.
Gang up on whom?
Press: ? - help, Dir - move target, f - orc
Aim: an orc, wielding a +0 short sword Attack!
Your quokka bites the orc.
The orc dies!
Sif Muna accepts your kill.
Your wolf closely misses the orc.
Your cerulean imp hits the orc with a +0 spear.
The orc misses your wolf.
Your wolf bites the orc!
The orc dies!
Sif Muna accepts your kill.
Your cerulean imp barely misses the orc priest.
The orc priest invokes the aid of Beogh against you.
Beogh smites you!
* * * LOW HITPOINT WARNING * * *
You fade into invisibility!
Your wolf bites the orc priest.
Your cerulean imp hits the orc priest but does no damage.
The orc priest barely misses your wolf.
Your wolf closely misses the orc priest.
Your wolf barely misses the orc priest.
Your cerulean imp hits the orc priest from afar with a +0 spear.
The orc priest mumbles some strange prayers to Beogh against you.
Beogh smites you!
You die...

.........##>..#
###.#######.#.# # #...# #
##+## ##.## . ##...## #.# .#
#.....## #.## ##.# .......##
#..## ... ##.
........####...######.#.....
........'.......@..).rho.[..
........####...######5###..o
.......## #...## .# #.....##
#.#... .# ##...## #...##. .#
##+## ##### # .. ##


You could see an orc priest (unable to see you, ally target), a friendly wolf
(summoned), a friendly cerulean imp (summoned) and a friendly quokka (summoned).

Vanquished Creatures
  A bat (D:2)
  An endoplasm (D:4)
  A giant cockroach (D:4)
  A hobgoblin (D:2)
  A jackal (D:4)
  A quokka (D:4)
  2 ball pythons
  A kobold (D:2)
  A rat (D:2)
10 creatures vanquished.

Vanquished Creatures (collateral kills)
  Sigmund (D:6)
  An ice beast (D:4)
  An ogre (D:6)
  A centaur (D:5)
  Blork the orc (D:5)
  A gnoll sergeant (D:5)
  A scorpion (D:5)
  5 hounds
  A gnoll bouda (D:4)
  3 iguanas
  An orc wizard (D:6)
  Ijyb (D:4)
  15 gnolls
  2 adders
  A shadow imp (D:5)
  A white imp (D:5)
  2 ufetubi (D:5)
  4 worms
  9 orcs
  6 ball pythons
  2 bats
  11 endoplasms
  5 giant cockroaches
  7 goblins
  8 hobgoblins
  A jackal (D:4)
  3 quokkas
  2 frilled lizards
  11 kobolds
  7 rats
115 creatures vanquished.

Grand Total: 125 creatures vanquished

Notes
Turn   | Place    | Note
-------+----------+-------------------------------------------
     0 | D:1      | Spaninq the Deep Elf Summoner began the quest for the Orb.
     0 | D:1      | Reached XP level 1. HP: 10/10 MP: 6/6
   359 | D:1      | Reached XP level 2. HP: 11/16 MP: 5/8
   418 | D:1      | Learned a level 2 spell: Call Imp
  1178 | D:1      | Reached XP level 3. HP: 20/20 MP: 5/10
  1502 | D:2      | Identified the +4 ring mail of Hoeleic {Stlth+}
  1619 | D:2      | Found Cyquar's Armour Shoppe.
  1751 | D:2      | Reached skill level 4 in Spellcasting
  1751 | D:2      | Reached skill level 5 in Summonings
  1951 | D:2      | Found a faded altar of an unknown god.
  1970 | D:2      | Got an antique book
  2776 | D:3      | Reached XP level 4. HP: 24/24 MP: 9/12
  2846 | D:3      | Reached skill level 1 in Fighting
  3286 | D:4      | Noticed Ijyb
  3491 | D:4      | Found a staircase to the Ecumenical Temple.
  3542 | Temple   | Entered the Ecumenical Temple
  3563 | Temple   | Became a worshipper of Sif Muna the Loreminder
  3645 | D:4      | Reached skill level 1 in Armour
  3645 | D:4      | Reached XP level 5. HP: 29/29 MP: 5/14
  3668 | D:4      | Reached skill level 5 in Spellcasting
  3732 | D:4      | Noticed an ice beast
  3765 | D:4      | Killed an ice beast
  3766 | D:4      | Reached XP level 6. HP: 34/34 MP: 5/16
  3980 | D:4      | Learned a level 3 spell: Call Canine Familiar
  4420 | D:4      | Found Fuizugic's Vocational Training.
  4504 | D:4      | Reached skill level 6 in Spellcasting
  4586 | D:4      | Found a radiant altar of Vehumet.
  4707 | D:4      | Reached * piety under Sif Muna
  4797 | D:4      | Killed Ijyb
  4840 | D:5      | Entered Level 5 of the Dungeon
  5061 | D:5      | Reached XP level 7. HP: 40/40 MP: 17/18
  5456 | D:5      | Reached skill level 7 in Spellcasting
  5649 | D:5      | Noticed Blork the orc
  5664 | D:5      | Killed Blork the orc
  6269 | D:6      | Noticed Sigmund
  6288 | D:6      | Killed Sigmund
  6289 | D:6      | Reached XP level 8. HP: 45/45 MP: 21/21
  6314 | D:6      | Reached skill level 8 in Spellcasting
  6458 | D:6      | Killed from afar by an orc priest

Illustrated notes

Levels and vault maps discovered:
D:1:      matt_arrival_grand_opening, layout_basic
D:2:      layout_loops_cross, shapermc_ecumenical_altar_rom_forum, serial_shops,
          nicolae_shop_scrapyard, kennysheep_generic_room_14
D:3:      layout_loops_ring
D:4:      layout_loops_ring, kennysheep_mini, minmay_temple_entry_glass,
          grunt_ministairs_10, nicolae_shop_vocational, uniq_ijyb
D:5:      layout_basic, uniq_blork_the_orc
D:6:      layout_loops_corners, enter_ossuary_5, uniq_sigmund
Temple:   hc_temple_tempest_star

Skill      XL: |  1  2  3  4  5  6  7  8 |
---------------+-------------------------+-----
Spellcasting   | 4 5 6 7 8 |  8.2
Summonings     | 5 6 7 |  7.7
Fighting       | 1 2 3 |  3.0
Armour         | 1 2 |  2.8
Dodging        | |  2.4
Stealth        | |  2.4
Shields        | |  0.4

Action                     |  1- 3 |  4- 6 |  7- 9 || total
---------------------------+-------+-------+-------++-------
  Melee: Unarmed           |     3 |       |       ||     3
         Staff             |    24 |    45 |    13 ||    82
         Punch             |       |     1 |       ||     1
   Cast: Summon Small Mamm |    61 |    60 |    11 ||   132
         Call Imp          |    33 |    51 |    14 ||    98
         Call Canine Famil |       |     4 |    15 ||    19
    Use: Scroll            |       |     5 |     5 ||    10
         Potion            |       |       |     1 ||     1
   Stab: Distracted        |     2 |     3 |       ||     5
         Sleeping          |     1 |       |       ||     1
 Armour: Robe              |    10 |       |       ||    10
         Ring mail         |    27 |    70 |    22 ||   119
  Dodge: Dodged            |    27 |    52 |    13 ||    92

Table legend: (Time is in decaauts)
 A = Elapsed time spent in this place.
 B = Non-inter-level travel time spent in this place.
 C = Inter-level travel time spent in this place.
 D = Time resting spent in this place.
 E = Time spent auto-exploring this place.
 F = Levels seen in this place.
 G = Mean time per level.
                   A        B        C        D        E       F      G
               +--------+--------+--------+--------+--------+-----+--------+
         Total |   6473 |   6279 |    194 |    194 |   4461 |   7 |  924.7 |
       Dungeon |   6430 |   6256 |    174 |    194 |   4461 |   6 | 1071.7 |
        Temple |     42 |     22 |     20 |      0 |      0 |   1 |   42.0 |
               +--------+--------+--------+--------+--------+-----+--------+

Top non-repeatable levels by time:
     D:5: 1380 daAuts
     D:4: 1375 daAuts
     D:1: 1343 daAuts
     D:3: 1055 daAuts
     D:2: 1036 daAuts
     D:6: 239 daAuts
  Temple: 42 daAuts
